AoeStats
← veysipak

Baltic

510401946Analyzed
3v3 RM · 12h ago on Sep 30, 2026· 50m 38s· 6 players
Game mode
Random Map
Map size
Normal (6 player)
Population
200
Speed
Normal
Resources
Standard
Victory
Conquest
Starting age
Dark Age
Ending age
Imperial Age
RankedLock teamsTeams togetherTeam positionsShared explorationLock speedFull tech treeHidden civsTurbo modeCheats
Victory
Defeat
🇬🇷 Japanese · Greece
1149
+15
🇮🇹 Mongols · Italy
1141
+16
🇹🇷 Magyars · Türkiye
1074
+19
🇸🇰 Slavs · Slovakia
1220
-20
🇸🇰 Ethiopians · Slovakia
1094
-15
🇸🇰 Wu · Slovakia
1090
-15
I AM MATTEO
10:23 Feudal Age
14:39 Castle Age
13:43 Fletching
13:54 Padded Archer Armor
14:42 Horse Collar
14:48 Double-Bit Axe
17:20 Bodkin Arrow
27:47 Leather Archer Armor
27:47 Bow Saw
28:10 Heavy Plow
28:01 Gold Mining
29:50 Wheelbarrow
31:01 Hand Cart
30:56 Scale Barding Armor
35:05 Imperial Age
33:21 Chain Barding Armor
34:45 Ballistics
34:50 Thumb Ring
36:12 Conscription
35:59 Bracer
36:32 Bloodlines
36:22 Husbandry
37:07 Drill
36:49 Elite Mangudai
39:16 Gold Shaft Mining
38:35 Stone Mining
38:51 Light Cavalry
39:21 Elite Steppe Lancer
41:23 Forging
42:50 Iron Casting
45:46 Blast Furnace
46:41 Chemistry
47:44 Nomads
aLaNi
5:07 Loom
10:23 Feudal Age
17:08 Castle Age
17:23 Arson
17:43 Scale Mail Armor
17:55 Forging
18:08 Squires
20:26 Chain Mail Armor
21:44 Double-Bit Axe
21:44 Horse Collar
27:43 Wheelbarrow
27:52 Heavy Plow
29:48 Hand Cart
31:41 Iron Casting
31:47 Elite Skirmisher
39:18 Imperial Age
37:00 Fletching
38:20 Bow Saw
38:20 Padded Archer Armor
39:35 Bodkin Arrow
40:26 Thumb Ring
41:05 Bracer
41:24 Leather Archer Armor
42:54 Two-Man Saw
42:53 Elite Samurai
44:36 Ring Archer Armor
45:19 Ballistics
45:23 Yasama
46:56 Chemistry
45:51 Guard Tower
47:14 Kataparuto
49:38 Town Watch
veysipak
10:44 Feudal Age
18:28 Castle Age
17:15 Double-Bit Axe
18:08 Horse Collar
25:55 Wheelbarrow
34:14 Imperial Age
32:09 Scale Barding Armor
33:14 Heavy Plow
33:36 Fletching
34:07 Gold Mining
34:14 Bodkin Arrow
36:05 Bracer
37:00 Ballistics
37:42 Chemistry
37:45 Parthian Tactics
38:25 Conscription
39:45 Chain Barding Armor
39:28 Light Cavalry
40:18 Bloodlines
40:15 Heavy Cavalry Archer
43:08 Plate Barding Armor
45:46 Hussar
46:41 Recurve Bow
47:58 Scale Mail Armor
48:38 Padded Archer Armor
kosspavol222
7:00 Loom
12:36 Feudal Age
17:14 Castle Age
16:13 Double-Bit Axe
18:28 Fletching
22:11 Crossbowman
23:48 Padded Archer Armor
26:01 Leather Archer Armor
25:50 Bodkin Arrow
28:56 Wheelbarrow
32:43 Ballistics
36:28 Thumb Ring
36:25 Horse Collar
37:24 Heavy Plow
37:38 Bow Saw
40:56 Imperial Age
40:25 Scale Mail Armor
41:51 Bracer
41:13 Arbalester
43:43 Chemistry
44:50 Ring Archer Armor
44:59 Hand Cart
45:06 Elite Skirmisher
50:31 Forging
durinikjakub1
9:30 Loom
11:43 Feudal Age
16:07 Castle Age
14:53 Double-Bit Axe
18:17 Fishing Lines
20:32 Medium Warships
21:30 Fletching
24:09 Bodkin Arrow
26:47 Husbandry
26:58 Bloodlines
28:02 Ballistics
29:36 Padded Archer Armor
31:03 Red Cliffs Tactics
33:42 Leather Archer Armor
36:16 Light Cavalry
37:33 Horse Collar
42:23 Imperial Age
43:15 Bracer
46:28 Elite Skirmisher
phesant_SK
7:51 Loom
11:09 Feudal Age
12:24 Double-Bit Axe
12:23 Horse Collar
15:09 Wheelbarrow
23:06 Castle Age
23:11 Scale Mail Armor
24:02 Bow Saw
24:18 Medium Warships
24:51 Pikeman
28:03 Fletching
30:44 Detinets
32:51 Chain Mail Armor
34:42 Squires
38:31 Imperial Age
36:58 Forging
37:08 Bodkin Arrow
39:22 Iron Casting
38:54 Town Watch
39:54 Halberdier
41:24 Conscription
40:45 Capped Ram
Connection lost

Rejoining the realm…

Still unreachable

The connection could not be restored.

Session expired

The server has moved on; the page needs a fresh start.